 Dungeon Crawl Stone Soup version 0.15.0-16-gce31824 (webtiles) character file.

137 benano the Skirmisher (level 5, 0/34 HPs)
             Began as a Gargoyle Berserker on Sept 5, 2014.
             Was a Priest of Trog.
             Slain by an adder (1 damage)
             ... on Level 3 of the Dungeon.
             The game lasted 00:08:49 (2360 turns).

benano the Skirmisher (Gargoyle Berserker)          Turns: 2360, Time: 00:08:50

HP   0/34        AC  6     Str 22      XL: 5   Next: 20%
MP   5/5         EV 12     Int  7      God: Trog [***...]
Gold 81          SH  0     Dex  9      Spells:  0 memorised,  4 levels left

rFire  . . .     SeeInvis .     a - +0 hand axe
rCold  . . .     Clarity  .     b - +0 animal skin
rNeg   + . .     rCorr    .     (no shield)
rPois  +         rRot     +     (no helmet)
rElec  +         Spirit   .     (no cloak)
SustAb .         Warding  .     (no gloves)
rMut   .         Stasis   .     (no boots)
Gourm  .                        (no amulet)
MR     .....                    (no ring)
                                (no ring)

@: not resistant to hostile enchantments, very unstealthy
A: negative energy resistance 1, electricity resistance, unbreathing,
petrification resistance, rot immunity, AC +4
a: Burn Spellbooks, Berserk, Trog's Hand, Renounce Religion


You were on level 3 of the Dungeon.
You worshipped Trog.
Trog was most pleased with you.
You were very hungry.

You visited 1 branch of the dungeon, and saw 3 of its levels.

You collected 81 gold pieces.

Inventory:

Hand weapons
 a - a +0 hand axe (weapon)
Armour
 b - a +0 animal skin (worn)
Comestibles
 c - 2 bread rations
 l - a meat ration
 m - a beef jerky
Scrolls
 e - 3 scrolls of teleportation {unknown}
 f - a scroll of noise {unknown}
 g - 2 scrolls of identify {unknown}
 i - a scroll of blinking {unknown}
 j - a scroll of enchant weapon {unknown}
 k - a scroll of remove curse {unknown}
 o - 2 scrolls of magic mapping {unknown}
 p - a scroll of recharging {unknown}
Jewellery
 q - an uncursed ring of flight {unknown}
Potions
 d - 2 potions of restore abilities {unknown}
 h - 2 potions of curing {unknown}
 n - a potion of invisibility {unknown}


   Skills:
 + Level 4.3 Fighting
 + Level 3.7 Axes
 + Level 2.6 Armour
 + Level 2.5 Dodging
 + Level 0.2 Stealth


You had 4 spell levels left.
You didn't know any spells.

Dungeon Overview and Level Annotations

Branches:
Dungeon (3/15)

Altars:
Trog

Annotations:
D:3 dadoka's ghost, average MiFi


Innate Abilities, Weirdness & Mutations

You are resistant to torment.
You are immune to poison.
Your stone body is very resilient (AC +4).
You resist negative energy.
You are resistant to electric shocks.
You can survive without breathing.
You are immune to petrification.
You are immune to rotting.


Message History

You barely miss dadoka's ghost.
Dadoka's ghost is lightly damaged.
Dadoka's ghost stares at you. Dadoka's ghost barely misses you.
Dadoka's ghost says, "My hard blade and your soft body.
They will meet - soon."
Read which item? (? for menu, Esc to quit)
Okay, then.
The adder bites you. Dadoka's ghost hits you!
* * * LOW HITPOINT WARNING * * *
The adder closely misses you.
Dadoka's ghost hits you but does no damage.
The adder closely misses you. The adder misses you.
Dadoka's ghost says, "My hard blade and your soft body.
They will meet - soon."
Dadoka's ghost hits you.
* * * LOW HITPOINT WARNING * * *
The adder bites you but does no damage.
There is a stone staircase leading up here.
The adder bites you.
You die...

.## #...# #...# #...#
. #...#######..
#####...#.......
.............# .
..........W...##.....
#?.........S@........
###.##...#%.####.....
#...#..# . #...#....
#...##.### #...##.#
##.###.# ... ..# #...
###


You could see dadoka's ghost and an adder.

Vanquished Creatures
  Ijyb (D:2)
  A gnoll (D:1)
  3 adders (D:2)
  A worm (D:2)
  A giant mite (D:2)
  2 giant geckos
  A ball python (D:2)
  10 bats
  10 goblins
  6 hobgoblins
  13 jackals
  A quokka (D:2)
  6 giant cockroaches
  3 giant newts (D:2)
  6 kobolds
  3 rats (D:1)
68 creatures vanquished.

Notes
Turn   | Place    | Note
--------------------------------------------------------------
     0 | D:1      | benano, the Gargoyle Berserker, began the quest for the Orb.
     0 | D:1      | Reached XP level 1. HP: 14/14 MP: 1/1
   215 | D:1      | Reached XP level 2. HP: 19/19 MP: 2/2
   533 | D:1      | Reached XP level 3. HP: 23/23 MP: 3/3
   951 | D:1      | Acquired Trog's second power
  1429 | D:2      | Reached XP level 4. HP: 27/29 MP: 4/4
  1431 | D:2      | Reached skill level 4 in Fighting
  1705 | D:2      | Noticed Ijyb
  1746 | D:2      | Killed Ijyb
  1766 | D:2      | Found a bloodstained altar of Trog.
  1986 | D:2      | Reached XP level 5. HP: 26/33 MP: 5/5
  2332 | D:3      | Noticed dadoka's ghost (average MiFi)
  2356 | D:3      | HP: 1/34 [dadoka's ghost (1)]
  2360 | D:3      | Slain by an adder

Action                   |  1- 3 |  4- 6 || total
-------------------------+-------+-------++-------
Melee: Hand axe          |   134 |   133 ||   267
Invok: Berserk           |     3 |       ||     3
  Eat: Chunk             |     3 |     4 ||     7
